 Dungeon Crawl Stone Soup version 0.22.1-5-g62c59d919a (webtiles) character file.

3616 Gargoyl the Chopper (level 9, -1/74 HPs)
             Began as a Centaur Abyssal Knight on Jan 9, 2019.
             Was a High Priest of Lugonu.
             Slain by Joseph
             ... wielding a +0 quarterstaff
              (11 damage)
             ... on level 8 of the Dungeon.
             The game lasted 00:16:22 (10779 turns).

Gargoyl the Chopper (Centaur Abyssal Knight)       Turns: 10779, Time: 00:16:22

Health: -1/74      AC: 10    Str: 15    XL:     9   Next: 86%
Magic:  13/13      EV: 12    Int: 11    God:    Lugonu [*****.]
Gold:   436        SH:  0    Dex: 15    Spells: 8/8 levels left

rFire    . . .     SeeInvis .   q - +3 war axe (flame)
rCold    . . .     Gourm    .   (no shield)
rNeg     . . .     Faith    .   b - +1 leather armour
rPois    .         Spirit   .   l - +1 helmet
rElec    .         Reflect  .   m - +0 cloak
rCorr    .         Harm     .   f - +0 pair of gloves
MR       .....                  (no barding)
Stlth    +.........             s - amulet of magic regeneration
HPRegen  0.22/turn              F - +3 ring of dexterity
MPRegen  0.38/turn              (no ring)

@: very quick
A: large, hooves 3, deformed body, speed 2, tough skin 3
a: Depart the Abyss, Bend Space, Banish, Corrupt, Enter the Abyss, Renounce
Religion


You were on level 8 of the Dungeon.
You worshipped Lugonu.
Lugonu was extremely pleased with you.
You were not hungry.

You visited 1 branch of the dungeon, and saw 8 of its levels.
You visited the Abyss 1 time.

You collected 436 gold pieces.

Inventory:

Hand Weapons
 a - a +3 hand axe
 q - a +3 war axe of flaming (weapon)
 E - a +0 shortbow of freezing
Missiles
 r - 4 tomahawks (quivered)
 t - 3 javelins
 G - 27 arrows
Armour
 b - a +1 leather armour (worn)
 f - a +0 pair of gloves (worn)
 l - a +1 helmet (worn)
 m - a +0 cloak (worn)
Jewellery
 s - an amulet of magic regeneration (around neck)
 F - a +3 ring of dexterity (left hand)
Wands
 i - a wand of enslavement (12)
 v - a wand of polymorph (10)
 w - a wand of disintegration (19)
 y - a wand of paralysis (16)
 B - a wand of flame (43)
 I - a wand of acid (11)
Scrolls
 d - a scroll of amnesia
 n - 2 scrolls of teleportation
 p - 3 scrolls of fog
 A - 2 scrolls of remove curse
 K - a scroll of noise {unknown}
Potions
 e - 2 potions of invisibility {unknown}
 g - 2 potions of haste
 h - a potion of agility
 j - a potion of heal wounds {unknown}
 k - a potion of magic
 o - a potion of brilliance {unknown}
 u - a potion of ambrosia {unknown}
 x - 2 potions of mutation {unknown}
 z - 3 potions of resistance
 C - a potion of degeneration {unknown}
 H - a potion of flight {unknown}
Comestibles
 c - 19 rations
 J - 2 chunks of flesh


   Skills:
 + Level 5.6 Fighting
 + Level 7.4 Axes
 + Level 2.9 Bows
 + Level 1.1 Throwing
 * Level 4.4 Armour
 * Level 4.9 Dodging
 * Level 6.5 Invocations
 + Level 0.2 Evocations


You had 8 spell levels left.
You didn't know any spells.
Your spell library contained the following spells:

 Spells                   Type           Power        Failure   Level  Hunger
 Beastly Appendage        Tmut           #.....       41%         1    ##.....
 Sticks to Snakes         Tmut           #.......     54%         2    ###....
 Spider Form              Tmut/Pois      #.........   78%         3    ####...
 Ice Form                 Ice/Tmut       #.......     99%         4    #####..
 Blade Hands              Tmut           #.........   100%        5    ######.


Dungeon Overview and Level Annotations

Branches:
Dungeon (8/15)             Temple (0/1) D:5
   Lair: D:8-11

Altars:
Dithmenos
Kikubaaqudgha
Nemelex Xobeh
Vehumet
Xom
Zin
The Shining One

Shops:
D:8 *

Annotations:
D:8 Joseph


Innate Abilities, Weirdness & Mutations

You have hooves in place of feet.
Armour fits poorly on your strangely shaped body.
You cover ground very quickly.
You have extremely tough skin. (AC +3)


Message History

Joseph misses you.
You closely miss Joseph. You kick Joseph, but do no damage.
Joseph is severely wounded.
Joseph barely misses you.
You barely miss Joseph. You kick Joseph.
Joseph is severely wounded.
Joseph hits you but does no damage.
You closely miss Joseph.
Joseph is severely wounded.
Joseph hits you with an uncursed quarterstaff!
* * * LOW HITPOINT WARNING * * *
It was a potion of magic.
Magic courses through your body. Joseph barely misses you.
Press: ? - help, Shift-Dir - straight line, f - Joseph
Aim: Joseph, wielding a quarterstaff and wearing a glowing ring mail (severely You fail to use your ability.
Joseph closely misses you.
As you read the scroll of fear, it crumbles to dust.
You assume a fearsome visage.
Joseph easily resists.
Joseph hits you with an uncursed quarterstaff!
You die...

#...#...........#.##
##..............)..##
##..............#..#
#...............#.##
######.#.............#..#
##..##.##..............#.##
#######...(#.##(.............##.#
....##......###@..............#..
.....#......# ##@..(..........##.
............## #..............##.
##...........# ##.....(.......###
.##..........## #.....(........#
_.#.#.........# #.....(........#
....#.........# ##...(.........#
...##.........## #...(........##
..##...........# ##..........##
###............# #........###


You could see Joseph.

Vanquished Creatures
  Grinder (D:4)
  Prince Ribbit (D:5)
  3 yaks
  Eustachio (D:4)
  Duvessa (D:4)
  An orc warrior (D:7)
  2 phantoms
  An ice beast (D:8)
  A sky beast (D:8)
  A black bear (D:8)
  An ogre (D:7)
  4 centaurs
  2 bullfrogs
  Dowan (D:4)
  A scorpion (D:4)
  3 howler monkeys
  2 crimson imps
  3 bullfrog zombies
  A centaur zombie (D:8)
  A quasit (D:6)
  A jelly (D:8)
  2 hounds
  An orc priest (D:3)
  2 bullfrog skeletons
  Ijyb (D:4)
  Jessica (D:2)
  Terence (D:2)
  5 orc wizards
  2 iguanas
  8 worker ants
  Natasha (twice) (D:4)
  A killer bee zombie (D:5)
  A hound zombie (D:8)
  Robin (D:2)
  10 adders
  3 gnolls (D:4)
  A howler monkey skeleton (D:7)
  A shadow imp (D:6)
  An ooze (D:3)
  An adder zombie (D:7)
  An adder skeleton (D:7)
  4 worms
  A dart slug (D:1)
  8 leopard geckos
  30 orcs
  12 bats
  6 giant cockroaches
  9 goblins
  8 hobgoblins
  6 jackals (D:3)
  8 kobolds
  4 quokkas
  A ball python (D:5)
  4 frilled lizards
  11 rats
191 creatures vanquished.

Notes
Turn   | Place    | Note
-------+----------+-------------------------------------------
     0 | Abyss:1  | Gargoyl the Centaur Abyssal Knight began the quest for the
                  | Orb.
     0 | Abyss:1  | Reached XP level 1. HP: 19/19 MP: 2/2
    50 | Abyss:1  | Noticed a hell hound
    62 | D:1      | Escaped the Abyss
   380 | D:1      | Reached XP level 2. HP: 7/26 MP: 3/3
   811 | D:1      | Reached * piety under Lugonu
  1160 | D:2      | Reached skill level 1 in Dodging
  1160 | D:2      | Reached XP level 3. HP: 29/31 MP: 4/4
  1179 | D:2      | Reached skill level 2 in Axes
  1633 | D:2      | Reached XP level 4. HP: 23/40 MP: 5/5
  2205 | D:2      | Noticed Jessica
  2207 | D:2      | Killed Jessica
  2207 | D:2      | Reached ** piety under Lugonu
  2207 | D:2      | Reached XP level 5. HP: 46/46 MP: 5/7
  2229 | D:2      | Noticed Robin
  2247 | D:2      | Killed Robin
  2621 | D:3      | Noticed Terence
  2640 | D:2      | Killed Terence
  2713 | D:3      | Reached skill level 3 in Axes
  3151 | D:3      | Reached XP level 6. HP: 41/52 MP: 8/8
  3463 | D:3      | Reached *** piety under Lugonu
  4169 | D:4      | Noticed Grinder
  4175 | D:4      | Paralysed by Grinder for 3 turns
  4183 | D:4      | Killed Grinder
  4183 | D:4      | Reached skill level 4 in Axes
  4183 | D:4      | Reached XP level 7. HP: 10/59 MP: 9/9
  4267 | D:4      | Noticed Ijyb
  4644 | D:4      | Killed Ijyb
  4957 | D:4      | Noticed Duvessa
  4964 | D:4      | Noticed Dowan
  4968 | D:4      | Killed Duvessa
  4968 | D:4      | Reached skill level 5 in Axes
  4971 | D:4      | Killed Dowan
  4971 | D:4      | Reached XP level 8. HP: 47/67 MP: 11/11
  5277 | D:4      | Noticed Natasha
  5282 | D:4      | Killed Natasha
  5314 | D:4      | Noticed Natasha
  5322 | D:4      | Killed Natasha
  5378 | D:5      | Entered Level 5 of the Dungeon
  5850 | D:5      | Noticed Prince Ribbit
  5858 | D:5      | Noticed Eustachio
  6071 | D:5      | Reached **** piety under Lugonu
  6368 | D:5      | Killed Prince Ribbit
  6368 | D:5      | Reached skill level 6 in Axes
  6368 | D:5      | Reached skill level 5 in Invocations
  6586 | D:4      | Killed Eustachio
  6779 | D:5      | Found a staircase to the Ecumenical Temple.
  6907 | D:5      | Found a glowing silver altar of Zin.
  6907 | D:5      | Found a glowing golden altar of the Shining One.
  6908 | D:5      | Found an ancient bone altar of Kikubaaqudgha.
  6921 | D:5      | Found a radiant altar of Vehumet.
  7274 | D:6      | Reached skill level 5 in Fighting
  7641 | D:6      | Reached skill level 1 in Throwing
  7641 | D:6      | Reached XP level 9. HP: 53/74 MP: 11/13
  9363 | D:7      | Found a sparkling altar of Nemelex Xobeh.
  9615 | D:8      | Reached skill level 1 in Bows
  9799 | D:8      | Found a shadowy altar of Dithmenos.
  9833 | D:8      | Reached skill level 7 in Axes
 10313 | D:8      | Found Umim's General Store.
 10364 | D:7      | Reached ***** piety under Lugonu
 10661 | D:8      | Found a shimmering altar of Xom.
 10742 | D:8      | Noticed Joseph
 10779 | D:8      | Slain by Joseph

Skill      XL: |  1  2  3  4  5  6  7  8  9 |
---------------+----------------------------+-----
Dodging        | 1 2 3 4 |  4.9
Axes           | 2 3 4 5 6 7 |  7.4
Armour         | 2 3 4 |  4.4
Invocations    | 3 4 5 6 |  6.5
Fighting       | 4 5 |  5.6
Throwing       | 1 |  1.1
Bows           | 2 |  2.9
Evocations     | |  0.2

Action                   |  1- 3 |  4- 6 |  7- 9 || total
-------------------------+-------+-------+-------++-------
Melee: Hand axe          |    93 |   148 |       ||   241
       Kick              |    11 |    34 |    77 ||   122
       War axe           |       |    46 |   295 ||   341
 Fire: Shortbow          |       |       |    32 ||    32
Throw: Tomahawk          |       |       |     6 ||     6
       Javelin           |       |       |     3 ||     3
Invok: Depart the Abyss  |     1 |       |       ||     1
       Bend Space        |       |       |     2 ||     2
Evoke: Wand              |       |       |     3 ||     3
  Use: Scroll            |     6 |     7 |     8 ||    21
       Potion            |       |     4 |     1 ||     5
 Stab: Paralysed         |       |       |     2 ||     2
  Eat: Chunk             |     2 |     5 |    10 ||    17
       Ration            |       |     1 |     2 ||     3
Armor: Leather armour    |    78 |    92 |   192 ||   362
Dodge: Dodged            |    80 |   105 |   258 ||   443
